Map: Acropolis LE

Players

goblin - Winner!

  • Race: Protoss Protoss
  • Spawn Location: 11:00

HolyHit

  • Race: Protoss Protoss
  • Spawn Location: 5:00

Event: 2019 WCS Summer

VOD

Have the link to the VOD?

Description

Time

  • Played on: July 12, 2019, 7:37 a.m.
  • Length: 6:46

All games in this series

Show
View Real Time Build Order
Export as new Build Order

goblin Protoss - Winner!

Build Orders:  

Get SALT Encoding   

  12  0:00  Probe  
  13  0:12  Probe  
  14  0:17  Pylon  
  14  0:23  Probe  
  15  0:31  Probe  
  16  0:38  Gateway  
  16  0:39  Probe  
  16  0:45  Assimilator  
  17  0:51  Probe  
  17  0:54  Assimilator  
  18  0:59  Probe  
  19  1:07  Probe  
  19  1:08  Gateway  
  19  1:17  Probe  
  20  1:25  Cybernetics Core  
  21  1:29  Probe  
  22  1:35  Pylon  
  22  1:41  Probe  
  22  1:45  Pylon  
  23  2:03  Adept x2  
  23  2:04  Warp Gate  
  27  2:13  Robotics Facility  
  27  2:16  Probe  
  28  2:33  Stalker x2  
  32  2:48  Immortal  
  32  3:03  Pylon  
  36  3:13  Shield Battery  
  36  3:18  Warp Prism  
  36  3:53  Stalker x2  
  36  3:55  Observer  
  41  4:04  Nexus  
  41  4:06  Pylon  
  41  4:18  Sentry x2  
  41  4:21  Immortal  
  49  4:44  Observer  
  47  4:50  Adept x2  
  49  4:55  Warp Prism  
  45  5:03  Probe  
  48  5:15  Probe  
  49  5:22  Probe  
  49  5:23  Adept x2  
  49  5:27  Probe  
  55  5:32  Observer, Immortal  
  57  5:41  Probe x2  
  59  5:45  Sentry x2  
  63  5:53  Probe x2  
  64  6:10  Stalker x2  
  60  6:21  Probe x2  
  58  6:34  Stalker, Zealot  
Show
View Real Time Build Order
Export as new Build Order

HolyHit Protoss 

Build Orders:  

Get SALT Encoding   

  12  0:00  Probe  
  13  0:12  Probe  
  14  0:18  Pylon  
  14  0:24  Probe  
  15  0:32  Probe  
  15  0:38  Gateway  
  15  0:40  Probe  
  16  0:46  Assimilator  
  17  0:51  Probe  
  17  0:55  Assimilator  
  18  1:00  Probe  
  19  1:08  Probe  
  19  1:09  Gateway  
  19  1:17  Probe  
  20  1:25  Cybernetics Core  
  21  1:29  Probe  
  22  1:33  Pylon  
  22  1:41  Probe  
  23  1:53  Probe  
  24  2:01  Stalker  
  24  2:02  Warp Gate  
  28  2:08  Sentry  
  28  2:11  Pylon  
  28  2:22  Pylon  
  28  2:33  Nexus  
  28  2:40  Stalker  
  30  2:45  Stalker  
  32  2:54  Forge  
  32  3:01  Probe  
  33  3:07  Shield Battery  
  32  3:15  Sentry  
  32  3:18  Probe  
  35  3:26  Shield Battery  
  35  3:28  Shield Battery  
  35  3:32  Shield Battery  
  34  3:36  Robotics Facility  
  34  3:40  Probe  
  33  3:50  Stalker  
  33  3:51  Sentry  
  37  4:05  Photon Cannon  
  37  4:11  Photon Cannon  
  37  4:15  Sentry  
  37  4:16  Sentry  
  42  4:26  Immortal  
  45  4:41  Stalker  
  45  4:48  Stalker  
  37  5:01  Probe  
  38  5:07  Sentry  
  38  5:10  Photon Cannon  
  38  5:12  Stalker  
  42  5:20  Warp Prism  
  38  5:30  Stalker  
  40  5:37  Probe x2, Pylon  
  40  5:42  Sentry  
  44  5:45  Probe x2  
  46  5:53  Probe  
  46  5:55  Adept  
  49  6:06  Sentry  
  49  6:07  Probe  
  45  6:21  Stalker  
  34  6:30  Stalker  
  28  6:44  Zealot  
Tags
 
Add a new tag
Caveats
  • Supply blocks, unpowered buildings, or Contaminate may cause inaccurate times.
  • Supply counts are checked every 10 seconds.